 Dungeon Crawl Stone Soup version 0.29.1-15-g9cfb28693d (webtiles) character file.

Game seed: 7834541862816889132

2 Ayazi56 the Ducker (level 1, 0/10 HPs)
             Began as a Felid Monk on Apr 13, 2023.
             Slain by a jackal (1 damage)
             ... on level 1 of the Dungeon.
             The game lasted 00:00:29 (42 turns).

Ayazi56 the Ducker (Felid Monk)                       Turns: 42, Time: 00:00:31

Health: 0/10       AC:  1    Str:  7    XL:     1   Next: 25%
Magic:  2/2        EV: 19    Int: 11    God:
Gold:   0          SH:  0    Dex: 18    Spells: 0/0 levels left
                                        Lives:  0   Deaths: 0

rFire   . . .      SeeInvis +     - Unarmed
rCold   . . .      Faith    .   (shield unavailable)
rNeg    . . .      Spirit   .   (body armour unavailable)
rPois   .          Reflect  .   (helmet unavailable)
rElec   .          Harm     .   (cloak unavailable)
rCorr   .          Rampage  .   (gloves unavailable)
Will    .....                   (boots unavailable)
Stlth   ++........              (no amulet)
HPRegen 0.03/turn               (no ring)
MPRegen 0.08/turn               (no ring)

@: quick
A: very small, claws 1, fangs 3, see invisible, speed 1, shaggy fur 1, stealthy
paws, no weapons or thrown items, no armour, multi-lived
a: no special abilities


You were on level 1 of the Dungeon.
You visited 1 branch of the dungeon, and saw 1 of its levels.

Inventory:

Potions
 a - a potion of ambrosia


   Skills:
 + Level 3.0 Fighting
 + Level 4.0 Dodging
 + Level 2.7 Stealth
 + Level 3.0 Unarmed Combat


You couldn't memorise any spells.
You didn't know any spells.
Your spell library was empty.

Dungeon Overview and Level Annotations

Branches:
Dungeon (1/15)

Altars:


Innate Abilities, Weirdness & Mutations

You have sharp claws.
You have razor-sharp teeth.
You have supernaturally acute eyesight. (SInv)
You cover ground quickly. (Speed+)
You are covered in fur. (AC +1)
Your paws help you pounce on unaware monsters.
You are incapable of wielding weapons or throwing items.
You cannot wear armour.
You gain extra lives every three experience levels.


Message History

You claw the kobold!
You kill the kobold!
The jackal barks!
A jackal comes into view.
An endoplasm comes into view.
A bat comes into view.
The jackal completely misses you.
A kobold comes into view. It is wielding a +0 dagger.
You see here a +0 dagger.
You closely miss the jackal.
The jackal barks!
The kobold shouts!
Your bite misses the jackal. The jackal misses you.
The bat hits you but does no damage. The jackal closely misses you.
You barely miss the jackal. You bite the jackal.
The jackal is almost dead.
The bat misses you. The endoplasm misses you. The jackal completely misses you.
You closely miss the jackal.
The jackal is almost dead.
The bat misses you. The bat hits you. The jackal bites you.
The endoplasm misses you.
You closely miss the jackal.
The jackal is almost dead.
The bat closely misses you. The endoplasm completely misses you.
You closely miss the jackal. The bat hits you.
The jackal bites you but does no damage.
You scratch the jackal. Your bite misses the jackal.
The jackal is heavily wounded.
The bat completely misses you. The endoplasm freezes you.
You are frozen.
* * * LOW HITPOINT WARNING * * *
The jackal bites you but does no damage.
The bat misses you. The jackal closely misses you.
You miss the jackal.
The jackal is heavily wounded.
The jackal completely misses you. The bat hits you but does no damage.
The endoplasm freezes you.
You are frozen.
* * * LOW HITPOINT WARNING * * *
The jackal closely misses you. The jackal bites you.
You die...

#.....## . ###.###
.#. #.# ...# ##.#
...#############..#
#.............†.##
###........########
......Jhh.##
##...K@b.#
#.......#
#..........#
..#............ #
#)..?...#.....
#.......#.!...
#####.....####
#.#### ..#


You could see an endoplasm, 2 jackals, a bat and a kobold.

Vanquished Creatures
  A hobgoblin (D:1)
  A kobold (D:1)
2 creatures vanquished.

Notes
Turn   | Place    | Note
-------+----------+-------------------------------------------
     0 | D:1      | Ayazi56 the Felid Monk began the quest for the Orb.
     0 | D:1      | Reached XP level 1. HP: 10/10 MP: 2/2
    42 | D:1      | Slain by a jackal

Illustrated notes

Levels and vault maps discovered:
D:1:      lightli_arrival_statue_moat, layout_rooms, minivault_4

Action                   || total
-------------------------++-------
Melee: Unarmed           ||     9
       Bite              ||     1
 Stab: Sleeping          ||     2
Armor: Skin              ||     4
Dodge: Dodged            ||    15
